 Dungeon Crawl Stone Soup version 0.31-a0-198-g2ad674f65e (webtiles) character file.

Game seed: 11333051987289235701

1259 Dylgear the Shield-Bearer (level 8, -7/61 HPs)
             Began as a Formicid Fighter on June 25, 2023.
             Mangled by an orc warrior
             ... wielding a +0 hand axe
              (11 damage)
             ... on level 6 of the Dungeon on June 26, 2023.
             The game lasted 00:11:48 (4700 turns).

Dylgear the Shield-Bearer (Formicid Fighter)        Turns: 4700, Time: 00:11:49

Health: -7/61      AC:  7    Str: 27    XL:     8   Next: 81%
Magic:  8/8        EV: 11    Int:  8    God:
Gold:   274        SH: 11    Dex: 15    Spells: 7/7 levels left

rFire   . . .        q - +0 battleaxe
rCold   . . .        c - +0 buckler
rNeg    . . .        b - +0 scale mail
rPois   .            (helmet unavailable)
rElec   .            (no cloak)
rCorr   .            (no gloves)
SInv    +            (no boots)
Will    +....        h - amulet of reflection Stlth
                     j - +6 ring of strength
HPRegen 0.30/turn    g - ring of willpower
MPRegen 0.11/turn

%: reflection
@: no status effects
A: permanent stasis, dig shafts and tunnels, antennae 3, four strong arms
a: Dig, Shaft Self


You were on level 6 of the Dungeon.
You visited 1 branch of the dungeon, and saw 6 of its levels.

You collected 274 gold pieces.

Inventory:

Hand Weapons
 a - a +1 war axe
 d - a +2 whip of freezing
 o - a +2 vampiric whip
 q - a +0 battleaxe (weapon)
Missiles
 n - 2 throwing nets
Armour
 b - a +0 scale mail (worn)
 c - a +0 buckler (worn)
 e - a +0 plate armour
Jewellery
 g - a ring of willpower (right hand)
 h - an amulet of reflection (around neck)
 j - a +6 ring of strength (left hand)
Potions
 f - a potion of attraction
 i - 2 potions of degeneration
 k - a potion of brilliance
 l - 3 potions of lignification
 m - a potion of resistance
 p - a potion of mutation
 s - a potion of curing


   Skills:
 + Level 4.6 Fighting
 * Level 6.5 Axes
 * Level 6.2 Armour
 + Level 2.0 Dodging
 + Level 0.2 Stealth
 * Level 7.3 Shields


You had 7 spell levels left.
You didn't know any spells.
Your spell library contained the following spells:

 Spells                   Type           Power      Damage    Failure   Level
 Hailstorm                Conj/Ice       0%         3d3       97%         3
 Ice Form                 Ice/Tmut       0%         N/A       100%        4
 Simulacrum               Ice/Necr       0%         N/A       100%        6


Dungeon Overview and Level Annotations

Branches:
Dungeon (6/15)
 Temple: D:4-7

Altars:
Ashenzari
Cheibriados
Qazlal
Sif Muna
Yredelemnul

Annotations:
D:3 Sigmund


Innate Abilities, Weirdness & Mutations

You cannot be hasted, slowed, berserked, paralysed or teleported.
You can dig through walls and to a lower floor.
You have a pair of large antennae on your head. (SInv)
Your four strong arms can wield two-handed weapons with a shield.


Message History

The orc priest is heavily wounded.
The orc priest mumbles some strange prayers to Beogh against you.
Beogh smites you!
The orc hits you from afar with a +0 trident.
You closely miss the orc priest.
The orc priest is heavily wounded.
The orc priest mumbles some strange prayers to Beogh against you.
Beogh smites you!
The orc hits you from afar with a +0 trident.
The orc priest barely misses you.
You barely miss the orc priest.
The orc priest is heavily wounded.
You block the orc priest's attack.
You barely miss the orc priest.
The orc priest is heavily wounded.
You block the orc priest's attack.
You hit the orc priest.
The orc priest is almost dead.
The orc priest mumbles some strange prayers to Beogh against you.
Beogh smites you!
You closely miss the orc warrior.
The orc warrior hits you with a +0 hand axe.
* * * LOW HITPOINT WARNING * * *
You slash the orc warrior!
The orc warrior is moderately wounded.
The orc warrior hits you with a +0 hand axe!
* * * LOW HITPOINT WARNING * * *
The orc warrior hits you with a +0 hand axe.
* * * LOW HITPOINT WARNING * * *
You hit the orc warrior but do no damage.
The orc warrior is moderately wounded.
The orc warrior hits you with a +0 hand axe.
* * * LOW HITPOINT WARNING * * *
Okay, then.
As you read the scroll labelled ROCKALL SEOFI, it crumbles to dust.
Your stasis prevents you from teleporting.
It was a scroll of blinking.
You block the orc warrior's attack.
The orc warrior attacks as you move away!
The orc warrior hits you with a +0 hand axe!
You die...

**,**** ************* *,,,,*
*,,,,,,,,,,,, **,**,*
*,*********** ,,,**,* *,* *
,****,** *,*
,,,,,,,***####### *,*
,,,,>,,,,...,...# *,* *
****#,,*##.##*#.#####.###***
***
****#.,##...###.@o)oo....,,*
**,,
,...#..#.....##.#####.###*,*
*8,< ,.......<........####.#
*,* **,,
,.......[......#......# *,*
*,* ,....#...........######
*,****,, *...*#.#.....##.##
*,,,,,,, *#,**#......###.#
*,*****, **,* ####..## #.#
*,* *, ,,,*
#..####.#######***,* *,


You could see an orc warrior, an orc priest and an orc.

Vanquished Creatures
  Pikel (D:4)
  2 ice beasts
  An ogre (D:5)
  Blork the orc (D:4)
  2 scorpions (D:5)
  A howler monkey (D:5)
  A hound (D:5)
  A gnoll bouda (D:4)
  3 iguanas
  12 gnolls
  5 adders
  A white imp (D:6)
  An ufetubus (D:5)
  5 worms
  2 orcs (D:6)
  A bat (D:3)
  3 endoplasms
  2 giant cockroaches (D:1)
  5 goblins
  4 hobgoblins
  4 jackals (D:5)
  5 kobolds
  2 quokkas
  7 ball pythons
  2 frilled lizards
  5 rats
79 creatures vanquished.

Notes
Turn   | Place    | Note
-------+----------+-------------------------------------------
     0 | D:1      | Dylgear the Formicid Fighter began the quest for the Orb.
     0 | D:1      | Reached XP level 1. HP: 18/18 MP: 1/1
   102 | D:1      | Reached XP level 2. HP: 24/24 MP: 2/2
   408 | D:1      | Found a faded altar of an unknown god.
   829 | D:2      | Reached skill level 1 in Dodging
   829 | D:2      | Reached XP level 3. HP: 25/29 MP: 3/3
   962 | D:2      | Reached XP level 4. HP: 30/37 MP: 4/4
  1671 | D:3      | Found a snail-covered altar of Cheibriados.
  1673 | D:3      | Found a basalt altar of Yredelemnul.
  1676 | D:3      | Found a stormy altar of Qazlal.
  1730 | D:3      | Noticed Sigmund
  1907 | D:3      | Reached XP level 5. HP: 37/37 MP: 5/5
  2443 | D:3      | Found a broken altar of Ashenzari.
  2443 | D:3      | Found a shimmering blue altar of Sif Muna.
  2876 | D:4      | Reached skill level 5 in Shields
  2876 | D:4      | Reached XP level 6. HP: 39/46 MP: 6/6
  3171 | D:4      | Noticed Blork the orc
  3179 | D:4      | Killed Blork the orc
  3670 | D:4      | Noticed Pikel
  3676 | D:4      | Killed Pikel
  3677 | D:4      | Reached skill level 5 in Axes
  3677 | D:4      | Reached skill level 5 in Armour
  3677 | D:4      | Reached skill level 6 in Shields
  3677 | D:4      | Reached XP level 7. HP: 23/55 MP: 7/7
  3677 | D:4      | Reached XP level 8. HP: 25/61 MP: 8/8
  3848 | D:5      | Entered Level 5 of the Dungeon
  4058 | D:5      | Reached skill level 7 in Shields
  4697 | D:6      | HP: 3/61 [orc warrior/+0 hand axe (3)]
  4700 | D:6      | Mangled by an orc warrior

Illustrated notes

Levels and vault maps discovered:
D:1:      tarquinn_simple_flora_water_e, layout_loops_ring, serial_bayou,
          serial_bayou_shore_b, serial_bayou_pond_e, serial_bayou_pond_a,
          serial_bayou_shore_a, serial_bayou_pond_a,
          hellmonk_ecumenical_altar_blasted, minmay_heptomino_d4
D:2:      layout_basic
D:3:      layout_basic, nicolae_overflow_hidden_temple,
          chequers_temple_overflow_statue_of_worship,
          chequers_serial_rivers_micro_d, minmay_misc_feat_rows, uniq_grinder,
          uniq_sigmund, uniq_terence
D:4:      layout_loops_ring, uniq_blork_the_orc, uniq_pikel
D:5:      layout_rooms
D:6:      layout_loops_ring, serial_shops, nicolae_stop_n_shop_2

Skill      XL: |  1  2  3  4  5  6  7  8 |
---------------+-------------------------+-----
Dodging        | 1 2 |  2.0
Fighting       | 4 |  4.6
Axes           | 3 5 6 |  6.5
Armour         | 4 5 6 |  6.2
Shields        | 5 6 7 |  7.3
Stealth        | |  0.2

Action                     |  1- 3 |  4- 6 |  7- 9 || total
---------------------------+-------+-------+-------++-------
  Melee: War axe           |    64 |    85 |       ||   149
         Battleaxe         |       |    34 |    76 ||   110
Ability: Dig               |       |     3 |       ||     3
    Use: Scroll            |     7 |     5 |     6 ||    18
         Potion            |       |     2 |       ||     2
 Armour: Scale mail        |    17 |    32 |    22 ||    71
  Dodge: Dodged            |    29 |    56 |    28 ||   113
  Block: Buckler           |    21 |    69 |    54 ||   144

Table legend: (Time is in decaauts)
 A = Elapsed time spent in this place.
 B = Non-inter-level travel time spent in this place.
 C = Inter-level travel time spent in this place.
 D = Time resting spent in this place.
 E = Time spent auto-exploring this place.
 F = Levels seen in this place.
 G = Mean time per level.
                   A        B        C        D        E       F      G
               +--------+--------+--------+--------+--------+-----+--------+
         Total |   4828 |   4583 |    245 |   1184 |   2004 |   6 |  804.7 |
       Dungeon |   4828 |   4583 |    245 |   1184 |   2004 |   6 |  804.7 |
               +--------+--------+--------+--------+--------+-----+--------+

Top non-repeatable levels by time:
     D:4: 1188 daAuts
     D:2: 992 daAuts
     D:3: 912 daAuts
     D:1: 851 daAuts
     D:5: 627 daAuts
     D:6: 256 daAuts
